 Dungeon Crawl Stone Soup version 0.26.0-10-g1f06aea511 (webtiles) character file.

Game seed: 13982629306758929177

59 DanlarScott the Shield-Bearer (level 3, -2/33 HPs)
             Began as a Minotaur Fighter on Jan 15, 2021.
             Slain by a gnoll
             ... wielding a cursed +0 spear
              (5 damage)
             ... on level 2 of the Dungeon.
             The game lasted 00:10:41 (798 turns).

DanlarScott the Shield-Bearer (Minotaur Fighter)     Turns: 798, Time: 00:10:42

Health: -2/33      AC:  7    Str: 27    XL:     3   Next: 78%
Magic:  2/2        EV:  7    Int:  5    God:
Gold:   60         SH: 10    Dex: 15    Spells: 2/2 levels left

rFire    . . .     SeeInvis .   a - +0 war axe
rCold    . . .     Faith    .   c - +0 kite shield
rNeg     . . .     Spirit   .   b - +0 scale mail
rPois    .         Reflect  .   (helmet restricted)
rElec    .         Harm     .   (no cloak)
rCorr    .         Rampage  .   (no gloves)
Will     .....                  (no boots)
Stlth    ..........             (no amulet)
HPRegen  0.11/turn              f - +6 ring of strength
MPRegen  0.08/turn              l - +6 ring of dexterity

@: mighty
A: retaliatory headbutt, horns 2
a: no special abilities


You were on level 2 of the Dungeon.
You visited 1 branch of the dungeon, and saw 2 of its levels.

You collected 60 gold pieces.

Inventory:

Hand Weapons
 a - a +0 war axe (weapon)
Armour
 b - a +0 scale mail (worn)
 c - a +0 kite shield (worn)
Jewellery
 e - an uncursed ring of wizardry
 f - a +6 ring of strength (left hand)
 l - a +6 ring of dexterity (right hand)
Scrolls
 g - a scroll of amnesia {unknown}
 i - a scroll of blinking {unknown}
 k - 2 scrolls of remove curse {unknown}
Potions
 j - a potion of mutation {unknown}
 m - a potion of attraction {unknown}


   Skills:
 + Level 4.2 Fighting
 + Level 3.2 Axes
 + Level 4.2 Armour
 + Level 4.3 Shields


You had 2 spell levels left.
You didn't know any spells.
Your spell library was empty.

Dungeon Overview and Level Annotations

Branches:
Dungeon (2/15)

Altars:


Innate Abilities, Weirdness & Mutations

You reflexively headbutt those who attack you in melee.
You have a pair of horns on your head.


Message History

The gnoll completely misses you. You block the gnoll's attack.
The gnoll closely misses you.
You feel very mighty all of a sudden. You block the gnoll's attack.
Okay, then.
You remove your ring of wizardry.
The gnoll hits you from afar with a cursed +0 spear.
You feel stronger.
f - a +6 ring of strength (left hand)
You block the gnoll's attack. The gnoll hits you but does no damage.
The gnoll hits you from afar with a cursed +0 spear.
You block the gnoll's attack.
The gnoll hits you from afar with a cursed +0 spear.
* * * LOW HITPOINT WARNING * * *
The gnoll hits you from afar with a +0 spear.
* * * LOW HITPOINT WARNING * * *
Found a stone staircase leading down.
You drop an amethyst potion.
The gnoll hits you from afar with a cursed +0 spear.
You die...

#........ ###........
#####..........
##########gg............
........g.g.........#.#.
######g#####......#.##.
#g# ##.......... #.#
##...###### #@# #...# #
#.# #..## # ..#
#..####### ...#
##..#...... ....#
#.......... .....#
##..#......
#.>...########.######.
########..........# #.
#.##.##.##.# #.


You could see 3 gnolls.

Vanquished Creatures
  2 adders (D:2)
  A worm (D:2)
  3 dart slugs
  A leopard gecko (D:1)
  5 bats (D:1)
  A giant cockroach (D:1)
  6 hobgoblins
  7 frilled lizards
  5 goblins
  A kobold (D:1)
  2 rats (D:1)
34 creatures vanquished.

Notes
Turn   | Place    | Note
-------+----------+-------------------------------------------
     0 | D:1      | DanlarScott the Minotaur Fighter began the quest for the
                  | Orb.
     0 | D:1      | Reached XP level 1. HP: 19/19 MP: 0/0
    99 | D:1      | Reached XP level 2. HP: 27/27 MP: 1/1
   533 | D:1      | Reached XP level 3. HP: 31/33 MP: 2/2
   798 | D:2      | Slain by a gnoll

Illustrated notes

Levels and vault maps discovered:
D:1:      dpeg_arrival_rhombi, layout_basic, item_on_display_a
D:2:      cheibrodos_pilgrimage, layout_loops_cross,
          chequers_ecumenical_altar_twisty

Skill      XL: |  1  2 |
---------------+-------+-----
Fighting       | 4 |  4.2
Shields        | 4 |  4.3
Armour         | 4 |  4.2
Axes           | 3 |  3.2

Action                   || total
-------------------------++-------
Melee: War axe           ||    67
       Headbutt          ||    11
  Use: Potion            ||     1
Armor: Scale mail        ||    29
Dodge: Dodged            ||    20
Block: Kite shield       ||    35
